 Dungeon Crawl Stone Soup version 0.28-a0-43-g560ac104fe (webtiles) character file.

Game seed: 17783927052617445221

1319 Sobieck the Thaumaturge (level 8, -1/39 (41) HPs)
             Began as a Deep Elf Conjurer on July 28, 2021.
             Was an Initiate of Vehumet.
             Slain by a wight (4 damage)
             ... on level 6 of the Dungeon.
             The game lasted 00:10:10 (5887 turns).

Sobieck the Thaumaturge (Deep Elf Conjurer)         Turns: 5887, Time: 00:10:10

HP:   -1/39 (41)    AC:  2    Str:  4    XL:     8   Next: 33%
MP:   19/22         EV: 13    Int: 26    God:    Vehumet [......]
Gold: 220           SH:  0    Dex: 19    Spells: 12/23 levels left

rFire   . . .      SeeInvis .   l - staff of conjuration {!a@e2staff}
rCold   . . .      Faith    .   (no shield)
rNeg    . . .      Spirit   .   a - +0 robe
rPois   +          Reflect  .   (helmet restricted)
rElec   .          Harm     .   (no cloak)
rCorr   .          Rampage  .   (no gloves)
Will    .....      Clarity  +   (no boots)
Stlth   +.........              (no amulet)
HPRegen 0.13/turn               e - +6 ring of dexterity
MPRegen 0.18/turn               (no ring)

@: confused, attractive, lightly drained
A: antennae 1, clarity, poison resistance
a: Renounce Religion


You were on level 6 of the Dungeon.
You worshipped Vehumet.
Vehumet was noncommittal.
You visited 2 branches of the dungeon, and saw 7 of its levels.

You collected 220 gold pieces.


Innate Abilities, Weirdness & Mutations

You have a pair of small antennae on your head.
You possess an exceptional clarity of mind.
Your system is resistant to poisons. (rPois)


   Skills:
 - Level 2.4 Dodging
 - Level 2.4 Stealth
 + Level 8.2 Spellcasting
 + Level 7.7 Conjurations
 + Level 6.4 Hexes
 - Level 3.0 Translocations


You had 12 spell levels left.
You knew the following spells:

 Your Spells              Type           Power      Damage    Failure   Level
a - Magic Dart            Conj           100%       1d8       1%          1
b - Searing Ray           Conj           100%       3d7       1%          2
c - Fulminant Prism       Conj/Hex       32%        3d16      3%          4
d - Iskenderun's Mystic   Conj/Tloc      55%        2d12      6%          4

Your spell library contained the following spells:

 Spells                   Type           Power      Damage    Failure   Level
 Dazzling Flash           Conj/Hex       100%       N/A       1%          3
 Mephitic Cloud           Conj/Pois/Air  36%        N/A       6%          3
 Call Imp                 Summ           10%        N/A       9%          2
 Silence                  Hex/Air        13%        N/A       38%         5
 Agony                    Necr           10%        N/A       83%         5
 Chain Lightning          Conj/Air       23%        3d30      100%        9
 Fire Storm               Conj/Fire      23%        8d6       100%        9

Inventory:

Hand Weapons
 b - a +0 dagger {short}
   (You found it on level 1 of the Dungeon)
 c - a +0 dagger {short}
   (You took it off a kobold on level 1 of the Dungeon)
Missiles
 g - 93 stones {throwing}
 i - 45 bolts
 n - 84 arrows
 p - 38 poisoned darts {throwing}
 w - 8 boomerangs {throwing}
Armour
 a - a +0 robe (worn)
 r - a +0 helmet
   (You took it off Robin on level 3 of the Dungeon)
Magical Staves
 l - a staff of conjuration (weapon) {!a@e2staff}
   (You found it on level 2 of the Dungeon)
Jewellery
 e - a +6 ring of dexterity (left hand)
   (You found it on level 1 of the Dungeon)
Wands
 k - a wand of charming (6)
   (You found it on level 2 of the Dungeon)
 A - a wand of acid (13)
   (You found it on level 4 of the Dungeon)
 B - a wand of polymorph (9)
   (You found it on level 5 of the Dungeon)
 D - a wand of flame (20)
   (You took it off Ijyb on level 5 of the Dungeon)
Scrolls
 d - 2 scrolls of summoning {unknown}
 f - 2 scrolls of enchant armour {unknown}
 j - a scroll of amnesia {unknown}
 m - a scroll of vulnerability {unknown}
 o - a scroll of teleportation {unknown}
 q - a scroll of holy word {unknown}
 y - 5 scrolls of identify {unknown}
 z - a scroll of magic mapping {unknown}
Potions
 h - a potion of attraction {!q}
 s - a potion of mutation {!q}
 t - 3 potions of heal wounds {unknown}
 u - a potion of might {unknown}
 v - 2 potions of haste {unknown}
 x - a potion of lignification {unknown}
 C - a potion of curing {unknown}
 E - a potion of degeneration {unknown}
 F - a potion of flight {unknown}

Dungeon Overview and Level Annotations

Branches:
Dungeon (6/15)             Temple (1/1) D:4

Altars:
Cheibriados
Gozag
Hepliaklqana
Nemelex Xobeh
Qazlal
Ru
Uskayaw
Vehumet
Wu Jian

Shops:
D:2 (

Annotations:
D:4 3 runed translucent doors, Akhra's ghost, amateur OgWz
D:5 1 runed translucent door, exclusion: downstairs, Crazy Yiuf

.## ...?# ..#
.....
##.##....>
#.........
#....).... y.
###.z.z.....
.y.
#...ooz.....
...
#...@z...#
...
#....z...#
...
#$.#$..##....
... #.. >....
... ... ...
....... . ...
.. ........#
... .
.........#
...
.#.$......#
...


You could see an orc warrior, 5 wights and an orc wizard.


Message History

You feel a surge of power!
The searing ray hits the water moccasin zombie! (Press . to maintain the ray.)
The water moccasin zombie bites you but does no damage. 😎 MP[-2]
You lost 2 mp, and now have 17/22 mp.
The searing ray hits the water moccasin zombie.
The water moccasin zombie barely misses you. 😎 MP[-1]
You lost 1 mp, and now have 16/22 mp.
Unknown command.
The searing ray hits the water moccasin zombie!
The water moccasin zombie bites you.
The water moccasin zombie barely misses you. 😕 HP[-3] MP[-1]
You take 3 damage, and now have 38/41 hp.
You lost 1 mp, and now have 15/22 mp.
The searing ray hits the water moccasin zombie!
You destroy the water moccasin zombie!
Vehumet accepts your kill.
You finish channeling your searing ray. 😕 MP[-1]
You lost 1 mp, and now have 14/22 mp.
You start resting. 😎 HP[+3] MP[+4]
Your hp is fully restored (41).
You regained 4 mp, and now have 18/22 mp.
You start resting. 😎 MP[+4]
Your mp is fully restored (22).
(D) Dungeon (T) Temple
Where to? (Enter - D:5 @ (x,y), ? - help)
You see here a +0 robe.
There is an open door here.
There is a stone staircase leading down here.
You climb downwards. 2 orcs, an orc warrior and an orc wizard come into view.
The orc warrior shouts!
The orc shouts!
The orc wizard shouts!
The orc shouts!
Found 30 gold pieces and a scroll labelled AMYLIBLUTH.
Found two stone staircases leading down.
There is a stone staircase leading up here.
Casting: Searing Ray (safe; 1% risk of failure)
Confirm with . or Enter, or press ? or * to list all spells.
Aiming: Fulminant Prism (dangerous; 3% risk of failure)
Press: ? - help, Dir - move target You feel a surge of power!
You conjure a prism of explosive energy!
A fulminant prism comes into view.
A wight comes into view.
It is wielding a +7 dagger and wearing a +1 robe of cold resistance.
The orc wizard points at you and mumbles some strange words.
You are confused.
The orc warrior hits your fulminant prism with a +0 mace! 😎 MP[-4]
You lost 4 mp, and now have 18/22 mp.
You're too confused to cast spells.
Unknown command.
The orc wizard casts a spell at you.
You are more confused.
The orc barely misses you.
Your fulminant prism crackles loudly.
In your confused state, you trip and fall back down the stairs.
A wight comes into view. It is wielding a +2 scimitar.
The orc hits you with a +0 mace!
The blast of energy engulfs the orc warrior!
The blast of energy engulfs the orc!!
You kill the orc!
Vehumet accepts your kill.
The blast of energy engulfs the orc!!
You kill the orc!
Vehumet accepts your kill.
The blast of energy engulfs the wight!
You hear a shout! x2
Something shouts, "Face thy requiem, thou jarring tip-merry bum-bailey!"
You hear a shout!
You hear an angry buzzing noise. x4 😕 HP[-8]
You take 8 damage, and now have 33/41 hp.
Unknown command.
You are too confused!
It was a potion of mutation.
You feel extremely strange.
Your thoughts seem clearer.
A pair of antennae grows on your head!
You feel resistant to poisons.
A wight comes into view. It is wielding a +0 dagger.
The orc wizard closely misses you.
Unknown command.
It was a potion of attraction.
You feel attractive to monsters. The orc wizard completely misses you.
The wight is pulled toward you! x5 😕 MP[+1] Unknown command.
The wight hits you with a +4 short sword!
You feel drained. The orc wizard casts a spell at you.
The puff of flame hits you.
* * * LOW HITPOINT WARNING * * *
The orc warrior hits you with a +0 mace!
* * * LOW HITPOINT WARNING * * *
In your confused state, you trip and fall back down the stairs.
* * * LOW HITPOINT WARNING * * *
The wight hits you with a +4 short sword.
You die...

Skill      XL: |  1  2  3  4  5  6  7  8 |
---------------+-------------------------+-----
Spellcasting   | 4 5 6 7 8 |  8.2
Conjurations   | 5 6 7 |  7.7
Hexes          | 1 3 5 6 |  6.4
Translocations | 1 2 3 |  3.0
Dodging        | |  2.4
Stealth        | |  2.4

Action                   |  1- 3 |  4- 6 |  7- 9 || total
-------------------------+-------+-------+-------++-------
 Cast: Magic Dart        |    73 |   103 |    39 ||   215
       Searing Ray       |       |     8 |     9 ||    17
       Fulminant Prism   |       |       |     9 ||     9
       Iskenderun's Myst |       |       |     1 ||     1
  Use: Potion            |       |       |     2 ||     2
Armor: Robe              |       |     7 |     1 ||     8
Dodge: Dodged            |     2 |    17 |    11 ||    30

Levels and vault maps discovered:
D:1:      minmay_arrival_loop, layout_basic, ebering_ecumenical_altar_hall
D:2:      layout_basic, serial_shops, shop
D:3:      layout_rooms, roderic_batcave, uniq_robin
D:4:      layout_cave_pods, mainiacjoe_overflow_cross_hatched,
          minmay_temple_entry_tees, gammafunk_ghost_necromancy,
          chequers_serial_rivers_room_a
D:5:      kennysheep_steamy, layout_gridville, uniq_sigmund,
          uniq_crazy_yiuf_cottage, uniq_ijyb
D:6:      due_chaos_kobolds, layout_cave_pools, lemuel_doored_altar,
          uniq_eustachio
Temple:   eino_narrow_crystal_temple

Notes
Turn   | Place    | Note
-------+----------+-------------------------------------------
     0 | D:1      | Sobieck the Deep Elf Conjurer began the quest for the Orb.
     0 | D:1      | Reached XP level 1. HP: 10/10 MP: 6/6
     0 | D:1      | magus.rc [v1.9.6]
   129 | D:1      | Reached XP level 2. HP: 15/15 MP: 4/8
   203 | D:1      | Found a faded altar of an unknown god.
   669 | D:2      | Learned a level 2 spell: Searing Ray
   670 | D:2      | Reached skill level 4 in Spellcasting
   755 | D:2      | Reached skill level 5 in Conjurations
   755 | D:2      | Reached XP level 3. HP: 19/19 MP: 6/10
   947 | D:2      | Found Voas's Weapon Emporium.
  1191 | D:2      | You pick up a book of Minor Magic and begin reading...
  1191 | D:2      | You add the spells Call Imp and Mephitic Cloud to your
                  | library.
  1222 | D:2      | You pick up a book of the Senses and begin reading...
  1222 | D:2      | You add the spells Agony and Silence to your library.
  1549 | D:2      | Reached XP level 4. HP: 24/24 MP: 10/12
  1576 | D:2      | Learned a level 4 spell: Fulminant Prism
  1581 | D:2      | Learned a level 4 spell: Iskenderun's Mystic Blast
  1962 | D:3      | Reached skill level 1 in Hexes
  1962 | D:3      | Reached skill level 1 in Translocations
  2048 | D:3      | Reached skill level 5 in Spellcasting
  2128 | D:3      | Noticed Robin
  2133 | D:3      | Killed Robin
  2137 | D:3      | Reached XP level 5. HP: 28/28 MP: 6/14
  2388 | D:3      | Reached skill level 2 in Hexes
  2965 | D:4      | Found a stormy altar of Qazlal.
  2967 | D:4      | Noticed an ogre
  2974 | D:4      | Killed an ogre
  2975 | D:4      | Reached skill level 6 in Conjurations
  2975 | D:4      | Reached skill level 3 in Hexes
  2975 | D:4      | Reached skill level 2 in Translocations
  2975 | D:4      | Reached XP level 6. HP: 17/32 MP: 7/16
  3239 | D:4      | Found a staircase to the Ecumenical Temple.
  3248 | Temple   | Entered the Ecumenical Temple
  3254 | Temple   | Became a worshipper of Vehumet
  3479 | D:4      | You pick up a book of Annihilations and begin reading...
  3479 | D:4      | You add the spells Chain Lightning and Fire Storm to your
                  | library.
  3497 | D:4      | Noticed a sky beast
  3536 | D:4      | Killed a sky beast
  3537 | D:4      | Reached skill level 6 in Spellcasting
  3641 | D:4      | Found a runed translucent gate.
  3642 | D:4      | Found a runed translucent gate.
  3642 | D:4      | Found a runed translucent gate.
  3701 | D:4      | Noticed Akhra's ghost (amateur OgWz)
  3738 | D:4      | Reached skill level 3 in Translocations
  3738 | D:4      | Reached XP level 7. HP: 36/36 MP: 11/18
  3987 | D:4      | Reached skill level 4 in Hexes
  4250 | D:5      | Entered Level 5 of the Dungeon
  4369 | D:5      | Found a runed translucent door.
  4370 | D:5      | Noticed Crazy Yiuf
  4770 | D:5      | Noticed a steam dragon
  4898 | D:5      | Noticed a steam dragon
  5097 | D:5      | Noticed Ijyb
  5125 | D:5      | Reached skill level 7 in Spellcasting
  5252 | D:5      | Killed a steam dragon
  5253 | D:5      | Reached skill level 7 in Conjurations
  5253 | D:5      | Reached skill level 5 in Hexes
  5452 | D:5      | Killed Ijyb
  5535 | D:5      | Noticed Sigmund
  5540 | D:5      | Killed Sigmund
  5541 | D:5      | Reached XP level 8. HP: 41/41 MP: 8/21
  5634 | D:5      | Reached skill level 6 in Hexes
  5720 | D:5      | Reached skill level 8 in Spellcasting
  5884 | D:6      | Gained mutation: You possess an exceptional clarity of
                  | mind. [potion of mutation]
  5884 | D:6      | Gained mutation: You have a pair of small antennae on your
                  | head. [potion of mutation]
  5884 | D:6      | Gained mutation: Your system is resistant to poisons.
                  | (rPois) [potion of mutation]
  5886 | D:6      | HP: 4/39 [orc warrior (13)]
  5887 | D:6      | Slain by a wight

Vanquished Creatures
  Sigmund (D:5)
  2 steam dragons (D:5)
  An ice beast (D:5)
  A sky beast (D:4)
  2 ogres (D:4)
  A water moccasin zombie (D:5)
  A howler monkey (D:5)
  A vampire bat (D:3)
  2 hounds
  2 centaur skeletons
  2 iguanas (D:5)
  Ijyb (D:5)
  Robin (D:3)
  A howler monkey skeleton (D:5)
  5 adders
  4 gnolls
  2 white imps (D:5)
  An ufetubus (D:4)
  An adder skeleton (D:4)
  A worm (D:2)
  2 dart slugs
  3 orcs
  8 ball pythons
  5 endoplasms
  4 giant cockroaches
  9 goblins
  12 hobgoblins
  7 jackals (D:2)
  5 kobolds
  3 quokkas
  12 bats
  5 frilled lizards
  3 rats
111 creatures vanquished.

Vanquished Creatures (others)
  9 fulminant prisms
  13 fungi (D:5)
22 creatures vanquished.

Grand Total: 133 creatures vanquished

Table legend:
 A = Non-vault XP
 B = Vault XP
 C = Vault XP percentage of total XP
 D = Non-vault monster count
 E = Vault monster count
 F = Vault count percentage of total count
                 A         B        C        D         E       F
            +---------+---------+-------+---------+---------+-------
      Total |    1157 |     728 |  38.6 |      86 |      25 |  22.5
            +---------+---------+-------+---------+---------+-------
        D:1 |      28 |       0 |   0.0 |      17 |       0 |   0.0
        D:2 |     103 |       0 |   0.0 |      29 |       0 |   0.0
        D:3 |      99 |     103 |  51.0 |      12 |      21 |  63.6
        D:4 |     458 |       0 |   0.0 |      14 |       0 |   0.0
        D:5 |     463 |     625 |  57.4 |      12 |       4 |  25.0
        D:6 |       6 |       0 |   0.0 |       2 |       0 |   0.0
            +---------+---------+-------+---------+---------+-------

Illustrated notes

Table legend:
 A = Kills in this place as a percentage of kills in entire the game.
 B = Kills by you in this place as a percentage of kills by you in the entire game.
 C = Kills by friends in this place as a percentage of kills by friends in the entire game.
 D = Other kills in this place as a percentage of other kills in the entire game.
 E = Experience gained in this place as a percentage of experience gained in the entire game.
 F = Experience gained in this place divided by the number of levels of this place that you have seen.
                   A       B       C       D       E      F
               +-------+-------+-------+-------+-------+----------------------
         Total | 100.0 | 100.0 |   N/A |   N/A | 100.0 | 269.3
       Dungeon | 100.0 | 100.0 |   N/A |   N/A | 100.0 | 314.2
               +-------+-------+-------+-------+-------+----------------------

Table legend: (Time is in decaauts)
 A = Elapsed time spent in this place.
 B = Non-inter-level travel time spent in this place.
 C = Inter-level travel time spent in this place.
 D = Time resting spent in this place.
 E = Time spent auto-exploring this place.
 F = Levels seen in this place.
 G = Mean time per level.
                   A        B        C        D        E       F      G
               +--------+--------+--------+--------+--------+-----+--------+
         Total |   5893 |   5637 |    256 |    860 |   4119 |   7 |  841.9 |
       Dungeon |   5880 |   5630 |    250 |    860 |   4119 |   6 |  980.0 |
        Temple |     12 |      6 |      6 |      0 |      0 |   1 |   12.0 |
               +--------+--------+--------+--------+--------+-----+--------+

Top non-repeatable levels by time:
     D:4: 1524 daAuts
     D:2: 1484 daAuts
     D:5: 1417 daAuts
     D:3: 861 daAuts
     D:1: 583 daAuts
  Temple: 12 daAuts
     D:6: 9 daAuts
